| TOP OF THE 1ST |
|
Trenton Thunder batting - Pitching for Erie SeaWolves : LHP Ben Saunders
|
|
Pitching: LHP Ben Saunders
|
|
|
Batting: RHB Christian Shearer
|
0-0: Swinging Strike 0-1: Foul Ball, location: 2F 0-2: Foul Ball, location: 2F 0-2: Ball 1-2: Strikes out swinging
|
|
Batting: RHB Tim Osborn
|
0-0: Called Strike 0-1: Ball 1-1: Foul Ball, location: 2F 1-2: Foul Ball, location: 2F 1-2: Strikes out swinging
|
|
Batting: SHB Ryan Buchbinder
|
0-0: SINGLE (Groundball, 56D, EV 105.0 MPH)
|
|
Batting: RHB Jose Tovar
|
0-0: Ball 1-0: Fielders Choice at 2nd, 5-4 (Groundball, 56, EV 86.9 MPH)
|
| Top of the 1st over - 0 runs, 1 hit, 0 errors, 1 left on base; Trenton 0 - Erie 0 |
| BOTTOM OF THE 1ST |
|
Erie SeaWolves batting - Pitching for Trenton Thunder : RHP Devon Wiley
|
|
Pitching: RHP Devon Wiley
|
|
|
Batting: RHB Tanner Purchase
|
0-0: Reached on error, E5 (Groundball, 56, EV 110.0 MPH)
|
|
Batting: RHB Victor Reyes
|
0-0: Ball 1-0: Swinging Strike 1-1: Fly out, F7 (Flyball, 7D, EV 87.5 MPH)
|
|
Batting: RHB John Evancho
|
0-0: Fly out, F9 (Line Drive, 9, EV 94.4 MPH)
|
|
Batting: RHB Steve Clark
|
0-0: Foul Ball, location: 2F 0-1: Ball 1-1: Ball 2-1: Fly out, F7 (Flyball, 7, EV 90.0 MPH)
|
| Bottom of the 1st over - 0 runs, 0 hits, 1 error, 1 left on base; Trenton 0 - Erie 0 |
| TOP OF THE 2ND |
|
Trenton Thunder batting - Pitching for Erie SeaWolves : LHP Ben Saunders
|
|
Batting: RHB Larry Martell
|
0-0: Called Strike 0-1: Ball 1-1: Swinging Strike 1-2: Foul Ball, location: 2F 1-2: Strikes out looking
|
|
Batting: RHB Dale Altman
|
0-0: Fly out, F8 (Line Drive, 8RD, EV 99.4 MPH)
|
|
Batting: RHB John Sabean
|
0-0: Foul Ball, location: 2F 0-1: Ground out 4-3 (Groundball, 4M, EV 87.5 MPH)
|
| Top of the 2nd over - 0 runs, 0 hits, 0 errors, 0 left on base; Trenton 0 - Erie 0 |
| BOTTOM OF THE 2ND |
|
Erie SeaWolves batting - Pitching for Trenton Thunder : RHP Devon Wiley
|
|
Batting: RHB Eric Angelle
|
0-0: Called Strike 0-1: Fly out, F9 (Flyball, 89S, EV 88.8 MPH)
|
|
Batting: RHB Carlos Armenteros
|
0-0: Called Strike 0-1: Ground out 4-3 (Groundball, 4S, EV 84.4 MPH)
|
|
Batting: SHB Shohei Fujii
|
0-0: Swinging Strike 0-1: Swinging Strike 0-2: Ball 1-2: Strikes out looking
|
| Bottom of the 2nd over - 0 runs, 0 hits, 0 errors, 0 left on base; Trenton 0 - Erie 0 |
| TOP OF THE 3RD |
|
Trenton Thunder batting - Pitching for Erie SeaWolves : LHP Ben Saunders
|
|
Batting: RHB Sam Hubbert
|
0-0: Ball 1-0: Ground out 6-3 (Groundball, 6, EV 85.0 MPH)
|
|
Batting: RHB Roberto Tena
|
0-0: Ball 1-0: SINGLE (Groundball, 34D, EV 101.9 MPH)
|
|
Batting: RHB Christian Shearer
|
0-0: Swinging Strike 0-1: Ball 1-1: Ball 2-1: Ball 3-1: Base on Balls Roberto Tena to second
|
|
Batting: RHB Tim Osborn
|
0-0: Foul Ball, location: 2F 0-1: Foul Ball, location: 2F 0-2: Strikes out looking
|
|
Batting: SHB Ryan Buchbinder
|
0-0: Swinging Strike 0-1: Ground out 6-3 (Groundball, 4MS, EV 84.4 MPH)
|
| Top of the 3rd over - 0 runs, 1 hit, 0 errors, 2 left on base; Trenton 0 - Erie 0 |
| BOTTOM OF THE 3RD |
|
Erie SeaWolves batting - Pitching for Trenton Thunder : RHP Devon Wiley
|
|
Batting: SHB Sean Foley
|
0-0: Ball 1-0: Foul Ball, location: 2F 1-1: SINGLE (Groundball, 6D, EV 96.9 MPH)
|
|
Batting: LHB Luis Dominguez
|
0-0: Foul Ball, location: 2F 0-1: Grounds out, U3 (Groundball, 3L, EV 106.2 MPH)
|
|
Batting: RHB Tanner Purchase
|
0-0: Foul Ball, location: 2F 0-1: Called Strike 0-2: Ball 1-2: Foul Ball, location: 2F 1-2: Strikes out swinging
|
|
Batting: RHB Victor Reyes
|
0-0: Ball 1-0: Ball 2-0: Ball 3-0: Called Strike 3-1: Foul Ball, location: 2F 3-2: Strikes out swinging
|
| Bottom of the 3rd over - 0 runs, 1 hit, 0 errors, 1 left on base; Trenton 0 - Erie 0 |
| TOP OF THE 4TH |
|
Trenton Thunder batting - Pitching for Erie SeaWolves : LHP Ben Saunders
|
|
Batting: RHB Jose Tovar
|
0-0: Ball 1-0: Ball 2-0: Ball 3-0: Base on Balls
|
|
Batting: RHB Larry Martell
|
0-0: Ball 1-0: SINGLE (Groundball, 34D, EV 95.6 MPH) Jose Tovar to second Runner from 2nd tries for 3rd, SAFE, throw by RF made to third Larry Martell to second
|
|
Batting: RHB Dale Altman
|
0-0: Called Strike 0-1: Called Strike 0-2: Strikes out swinging
|
|
Batting: RHB John Sabean
|
0-0: Called Strike 0-1: Ball 1-1: Ball 2-1: Ground out U3 (Groundball, 34, EV 82.5 MPH) Jose Tovar scores Larry Martell to third
|
|
Batting: RHB Sam Hubbert
|
0-0: Called Strike 0-1: Ground out 4-3 (Groundball, 4, EV 80.0 MPH)
|
| Top of the 4th over - 1 run, 1 hit, 0 errors, 1 left on base; Trenton 1 - Erie 0 |
| BOTTOM OF THE 4TH |
|
Erie SeaWolves batting - Pitching for Trenton Thunder : RHP Devon Wiley
|
|
Batting: RHB John Evancho
|
0-0: Ball 1-0: Ball 2-0: Foul Ball, location: 2F 2-1: Called Strike 2-2: Ball 3-2: Foul Ball, location: 2F 3-2: Foul Ball, location: 2F 3-2: Ground out 4-3 (Groundball, 4, EV 106.2 MPH)
|
|
Batting: RHB Steve Clark
|
0-0: Ball 1-0: Ball 2-0: Fly out, F8 (Flyball, 8RD, EV 100.0 MPH)
|
|
Batting: RHB Eric Angelle
|
0-0: Foul Ball, location: 2F 0-1: Foul Ball, location: 2F 0-2: Ball 1-2: Strikes out swinging
|
| Bottom of the 4th over - 0 runs, 0 hits, 0 errors, 0 left on base; Trenton 1 - Erie 0 |
| TOP OF THE 5TH |
|
Trenton Thunder batting - Pitching for Erie SeaWolves : LHP Ben Saunders
|
|
Batting: RHB Roberto Tena
|
0-0: Ground out 5-3 (Groundball, 56, EV 84.4 MPH)
|
|
Batting: RHB Christian Shearer
|
0-0: Called Strike 0-1: Ball 1-1: SINGLE (Groundball, 6M, EV 105.6 MPH) (infield hit)
|
|
Batting: RHB Tim Osborn
|
0-0: Ball Christian Shearer steals 2nd base 1-0: Swinging Strike 1-1: SINGLE (Groundball, 4MD, EV 97.5 MPH) Christian Shearer to third Runner from 3rd tries for Home, SAFE, throw by CF to home
|
|
Batting: SHB Ryan Buchbinder
|
0-0: Fielders Choice at 2nd, 2-6 (Groundball, 13S, EV 68.8 MPH)
|
|
Batting: RHB Jose Tovar
|
0-0: Called Strike 0-1: Ball 1-1: Ball 2-1: Called Strike 2-2: Foul Ball, location: 2F 2-2: Ball 3-2: Base on Balls Ryan Buchbinder to second
|
|
Batting: RHB Larry Martell
|
0-0: Ball 1-0: Foul Ball, location: 2F 1-1: Ball 2-1: Called Strike 2-2: Foul Ball, location: 2F 2-2: Strikes out swinging
|
| Top of the 5th over - 1 run, 2 hits, 0 errors, 2 left on base; Trenton 2 - Erie 0 |
| BOTTOM OF THE 5TH |
|
Erie SeaWolves batting - Pitching for Trenton Thunder : RHP Devon Wiley
|
|
Batting: RHB Carlos Armenteros
|
0-0: Swinging Strike 0-1: DOUBLE (Flyball, 8LD, EV 108.1 MPH)
|
|
Batting: SHB Shohei Fujii
|
0-0: Ball 1-0: SINGLE (Line Drive, 8LS, EV 103.1 MPH) Carlos Armenteros to third
|
|
Batting: SHB Sean Foley
|
0-0: Ball 1-0: Foul Ball, location: 2F 1-1: Ball Shohei Fujii is caught stealing 2nd base 2-6 2-1: DOUBLE (Line Drive, 9LS, EV 91.2 MPH) Carlos Armenteros scores
|
|
Batting: LHB Luis Dominguez
|
0-0: Called Strike Sean Foley is caught stealing 3rd base 2-5 0-1: Ball 1-1: Ground out 4-3 (Groundball, 4M, EV 85.0 MPH)
|
| Bottom of the 5th over - 1 run, 3 hits, 0 errors, 0 left on base; Trenton 2 - Erie 1 |
| TOP OF THE 6TH |
|
Trenton Thunder batting - Pitching for Erie SeaWolves : LHP Ben Saunders
|
|
Batting: RHB Dale Altman
|
0-0: SINGLE (Groundball, 34D, EV 104.4 MPH)
|
|
Batting: RHB John Sabean
|
0-0: Ball 1-0: Grounds into double play, 6-4-3 (Groundball, 6, EV 88.1 MPH)
|
|
Batting: RHB Sam Hubbert
|
0-0: Ball 1-0: Swinging Strike 1-1: Ball 2-1: Swinging Strike 2-2: Ball 3-2: Strikes out swinging
|
| Top of the 6th over - 0 runs, 1 hit, 0 errors, 0 left on base; Trenton 2 - Erie 1 |
| BOTTOM OF THE 6TH |
|
Erie SeaWolves batting - Pitching for Trenton Thunder : RHP Devon Wiley
|
|
Batting: RHB Tanner Purchase
|
0-0: Called Strike 0-1: Ball 1-1: Called Strike 1-2: Ground out 4-3 (Groundball, 4S, EV 83.1 MPH)
|
|
Batting: RHB Victor Reyes
|
0-0: Ball 1-0: Called Strike 1-1: Swinging Strike 1-2: Hit by Pitch
|
|
Batting: RHB John Evancho
|
0-0: Foul Ball, location: 2F 0-1: Foul Ball, location: 2F 0-2: Ball 1-2: Fly out, F8 (Flyball, 8RS, EV 96.2 MPH)
|
|
Batting: RHB Steve Clark
|
0-0: Ball 1-0: Called Strike 1-1: Fly out, F9 (Flyball, 9LM, EV 93.1 MPH)
|
| Bottom of the 6th over - 0 runs, 0 hits, 0 errors, 1 left on base; Trenton 2 - Erie 1 |
| TOP OF THE 7TH |
|
Trenton Thunder batting - Pitching for Erie SeaWolves : LHP Ben Saunders
|
|
Batting: RHB Roberto Tena
|
0-0: Ball 1-0: Swinging Strike 1-1: Swinging Strike 1-2: Strikes out looking
|
|
Batting: RHB Christian Shearer
|
0-0: Ball 1-0: DOUBLE (Groundball, 5L, EV 106.2 MPH)
|
|
Batting: RHB Tim Osborn
|
0-0: Called Strike 0-1: Ball 1-1: Ball 2-1: Ball 3-1: Foul Ball, location: 2F 3-2: Strikes out swinging
|
|
Batting: SHB Ryan Buchbinder
|
0-0: Called Strike 0-1: Ball 1-1: Swinging Strike 1-2: Strikes out swinging
|
| Top of the 7th over - 0 runs, 1 hit, 0 errors, 1 left on base; Trenton 2 - Erie 1 |
| BOTTOM OF THE 7TH |
|
Erie SeaWolves batting - Pitching for Trenton Thunder : RHP Devon Wiley
|
|
Batting: RHB Eric Angelle
|
0-0: Called Strike 0-1: Called Strike 0-2: Foul Ball, location: 2F 0-2: Foul Ball, location: 2F 0-2: Ball 1-2: Foul Ball, location: 2F 1-2: Ball 2-2: Ball 3-2: Foul Ball, location: 2F 3-2: Fly out, F7 (Line Drive, 7LM, EV 90.0 MPH)
|
|
Pitching: RHP Angel Gutierres
|
|
|
Batting: RHB Carlos Armenteros
|
0-0: Ball 1-0: Ball 2-0: Called Strike 2-1: Swinging Strike 2-2: Foul Ball, location: 2F 2-2: Foul Ball, location: 2F 2-2: Strikes out swinging
|
|
Batting: SHB Shohei Fujii
|
0-0: Ball 1-0: Foul Ball, location: 2F 1-1: Foul Ball, location: 2F 1-2: Ground out U3 (Groundball, 3L, EV 103.8 MPH)
|
| Bottom of the 7th over - 0 runs, 0 hits, 0 errors, 0 left on base; Trenton 2 - Erie 1 |
| TOP OF THE 8TH |
|
Trenton Thunder batting - Pitching for Erie SeaWolves : LHP Ben Saunders
|
|
Pitching: RHP Branden Maynard
|
|
|
Batting: RHB Jose Tovar
|
0-0: Swinging Strike 0-1: Foul Ball, location: 2F 0-2: Foul Ball, location: 2F 0-2: Ball 1-2: Ball 2-2: Ball 3-2: Foul Ball, location: 2F 3-2: Strikes out swinging
|
|
Batting: RHB Larry Martell
|
0-0: Foul Ball, location: 2F 0-1: Ball 1-1: Ball 2-1: Foul Ball, location: 2F 2-2: Strikes out looking
|
|
Batting: RHB Dale Altman
|
0-0: Called Strike 0-1: Called Strike 0-2: Strikes out swinging
|
| Top of the 8th over - 0 runs, 0 hits, 0 errors, 0 left on base; Trenton 2 - Erie 1 |
| BOTTOM OF THE 8TH |
|
Erie SeaWolves batting - Pitching for Trenton Thunder : RHP Angel Gutierres
|
|
Pitching: RHP Jimmy Williams
|
|
|
Batting: SHB Sean Foley
|
0-0: Called Strike 0-1: Ball 1-1: Foul Ball, location: 2F 1-2: Strikes out swinging
|
|
Batting: LHB Luis Dominguez
|
0-0: Ball 1-0: Ground out 6-3 (Groundball, 6, EV 96.2 MPH)
|
|
Batting: RHB Tanner Purchase
|
0-0: Ground out 5-3 (Groundball, 5L, EV 85.6 MPH)
|
| Bottom of the 8th over - 0 runs, 0 hits, 0 errors, 0 left on base; Trenton 2 - Erie 1 |
| TOP OF THE 9TH |
|
Trenton Thunder batting - Pitching for Erie SeaWolves : RHP Branden Maynard
|
|
Pitching: RHP Luke Totzke
|
|
|
Batting: RHB John Sabean
|
0-0: Foul Ball, location: 2F 0-1: Ball 1-1: Foul Ball, location: 2F 1-2: Foul Ball, location: 2F 1-2: Strikes out swinging
|
|
Batting: LHB Bobby Upton
|
0-0: Called Strike 0-1: Swinging Strike 0-2: Ball 1-2: Strikes out looking
|
|
Batting: RHB Roberto Tena
|
0-0: DOUBLE (Groundball, 5L, EV 110.0 MPH)
|
|
Batting: RHB Christian Shearer
|
0-0: Ball 1-0: Ball 2-0: Called Strike 2-1: Foul Ball, location: 2F 2-2: Ball 3-2: Foul Ball, location: 2F 3-2: Strikes out swinging
|
| Top of the 9th over - 0 runs, 1 hit, 0 errors, 1 left on base; Trenton 2 - Erie 1 |
| BOTTOM OF THE 9TH |
|
Erie SeaWolves batting - Pitching for Trenton Thunder : RHP Jimmy Williams
|
|
Pitching: RHP Ricky Mercer
|
|
|
Batting: RHB Victor Reyes
|
0-0: Swinging Strike 0-1: Ball 1-1: Ball 2-1: Ball 3-1: Foul Ball, location: 2F 3-2: Strikes out swinging
|
|
Batting: RHB John Evancho
|
0-0: TRIPLE (Line Drive, 78XD, EV 110.0 MPH)
|
|
Batting: RHB Steve Clark
|
0-0: Ball 1-0: Called Strike 1-1: Ball 2-1: Ball 3-1: Ground out 5-3 (Groundball, 56S, EV 85.6 MPH)
|
|
Batting: RHB Eric Angelle
|
0-0: Called Strike 0-1: Foul Ball, location: 2F 0-2: Foul Ball, location: 2F 0-2: Ball 1-2: Ball 2-2: Ground out 3-1 (Groundball, 34, EV 79.4 MPH)
|
| Bottom of the 9th over - 0 runs, 1 hit, 0 errors, 1 left on base; Trenton 2 - Erie 1 |
|